 Dungeon Crawl Stone Soup version 0.28-a0-872-g80cf8599ee (webtiles) character file.

Game seed: 3031057936859842846

1374 tatocazan the Skirmisher (level 8, 0/58 (64) HPs)
             Began as a Demonspawn Fighter on Nov 20, 2021.
             Slain by a wight (9 damage)
             ... on level 6 of the Dungeon.
             The game lasted 00:09:16 (4914 turns).

tatocazan the Skirmisher (Demonspawn Fighter)       Turns: 4914, Time: 00:09:17

HP:   0/58 (64)     AC: 15    Str: 19    XL:     8   Next: 39%
MP:   8/8           EV:  7    Int: 10    God:
Gold: 223           SH:  5    Dex: 12    Spells: 7/7 levels left

rFire   . . .      SeeInvis .   a - +0 war axe
rCold   . . .      Faith    .   c - +0 buckler
rNeg    . . .      Spirit   .   k - +0 chain mail
rPois   .          Reflect  .   b - +0 helmet
rElec   +          Harm     .   (no cloak)
rCorr   .          Rampage  .   (no gloves)
Will    .....                   (no boots)
Stlth   ..........              g - amulet of regeneration
HPRegen 1.19/turn               (no ring)
MPRegen 0.11/turn               (no ring)

@: drained
A: thin metallic scales 3, ignite blood 1
a: no special abilities


You were on level 6 of the Dungeon.
You visited 1 branch of the dungeon, and saw 6 of its levels.
You also visited: Sewer.

You collected 223 gold pieces.

Inventory:

Hand Weapons
 a - a +0 war axe (weapon)
Missiles
 q - 32 poisoned darts (quivered)
 r - 2 curare-tipped darts
Armour
 b - a +0 helmet (worn)
 c - a +0 buckler (worn)
 k - a +0 chain mail (worn)
 v - a +0 helmet
Jewellery
 g - an amulet of regeneration (around neck)
 j - a ring of fire
Wands
 s - a wand of flame (15)
Scrolls
 e - a scroll of identify
 m - a scroll of teleportation
 t - a scroll of silence {unknown}
Potions
 d - a potion of might
 f - 4 potions of invisibility
 h - 3 potions of mutation
 i - 2 potions of brilliance {unknown}
 l - a potion of resistance {unknown}
 n - 5 potions of curing
 o - 2 potions of flight
 p - a potion of magic {unknown}
 u - 2 potions of berserk rage
 w - a potion of lignification {unknown}


   Skills:
 + Level 6.0 Fighting
 + Level 5.0 Axes
 + Level 5.4 Armour
 + Level 5.3 Shields


You had 7 spell levels left.
You didn't know any spells.
Your spell library was empty.

Dungeon Overview and Level Annotations

Branches:
Dungeon (6/15)             Temple (0/1) D:5           Sewer (visited)

Altars:
Kikubaaqudgha
Vehumet

Shops:
D:4 *


Innate Abilities, Weirdness & Mutations

You are completely covered in thin metallic scales. (AC +4, rElec)
Your demonic aura sometimes causes spilled blood to erupt in flames.


Message History

You feel drained. You block the wight's attack.
You take 10 damage, and have 39/62 hp.
You hit the wight.
The wight is heavily damaged.
You block the wight's attack. x2
The wight hits you from afar with a +7 halberd.
You take 4 damage, and have 35/62 hp.
You are too injured to fight recklessly!
You are too injured to fight recklessly!
You are too injured to fight recklessly!
You are too injured to fight recklessly!
You are too injured to fight recklessly!
You are too injured to fight recklessly!
You hit the wight but do no damage.
The wight is heavily damaged.
The wight hits you with a +2 falchion.
You feel drained.
The wight hits you from afar with a +7 halberd.
The wight hits you with a +2 falchion.
You take 13 damage, and have 22/60 hp.
MASSIVE DAMAGE!!
You barely miss the wight.
The wight is heavily damaged.
The wight hits you from afar with a +7 halberd!
* * * LOW HITPOINT WARNING * * *
The wight hits you with a +2 falchion.
* * * LOW HITPOINT WARNING * * *
You take 7 damage, and have 15/60 hp.
You hit the wight but do no damage.
The wight is heavily damaged.
You block the wight's attack. The wight barely misses you.
You barely miss the wight.
The wight is heavily damaged.
You block the wight's attack. The wight hits you but does no damage.
The wight hits you from afar with a +7 halberd!
* * * LOW HITPOINT WARNING * * *
You feel drained.
* * * LOW HITPOINT WARNING * * *
You take 13 damage, and have 3/58 hp.
MASSIVE DAMAGE!!
You see here an adder corpse.
The wight hits you with a +2 falchion!
You die...

..zz #.#### ..z..
+....# #######
?.....#.##)#####.....#
....hzh.##†#......##.#
....z.####.#......##.#
...... #z#......##.#
##### #.#......##.#
#z#......##.#
#.@......##.#
###......##.#
#.###'###.# #.###.#
#.# #....)# #.#######
####### #........
#########


You could see 2 wights.

Vanquished Creatures
  A black bear (D:6)
  An ogre (D:5)
  2 kobold brigands
  3 scorpions
  A gnoll sergeant (D:3)
  3 vampire bats (D:5)
  2 wights (D:6)
  A hound (D:5)
  An orc priest (D:5)
  5 orc wizards
  Ijyb (D:5)
  2 iguanas (D:5)
  Robin (D:4)
  11 gnolls
  9 adders
  3 river rats
  An adder skeleton (D:4)
  4 worms
  19 orcs
  3 bats
  3 bat skeletons (D:5)
  2 bat zombies (D:5)
  4 endoplasms
  4 giant cockroaches
  4 hobgoblins
  A jackal (Sewer)
  14 kobolds
  3 quokkas
  6 ball pythons
  3 frilled lizards
  17 goblins
  6 rats
141 creatures vanquished.

Notes
Turn   | Place    | Note
-------+----------+-------------------------------------------
     0 | D:1      | tatocazan the Demonspawn Fighter began the quest for the
                  | Orb.
     0 | D:1      | Reached XP level 1. HP: 18/18 MP: 1/1
   227 | D:1      | Found a faded altar of an unknown god.
   348 | D:1      | Gained mutation: You are partially covered in thin metallic
                  | scales. (AC +2) [demonic ancestry]
   348 | D:1      | Reached XP level 2. HP: 22/24 MP: 2/2
   663 | D:2      | Gained mutation: Your demonic aura sometimes causes spilled
                  | blood to erupt in flames. [demonic ancestry]
   663 | D:2      | Reached XP level 3. HP: 29/29 MP: 3/3
  1406 | D:3      | Reached XP level 4. HP: 26/35 MP: 4/4
  1470 | D:3      | Gained mutation: You are mostly covered in thin metallic
                  | scales. (AC +3) [demonic ancestry]
  1470 | D:3      | Reached XP level 5. HP: 24/42 MP: 5/5
  1552 | D:3      | Found a glowing drain.
  1562 | Sewer    | Entered a sewer
  1575 | Sewer    | Reached skill level 4 in Fighting
  1842 | D:3      | Reached XP level 6. HP: 44/48 MP: 6/6
  2560 | D:4      | Found a radiant altar of Vehumet.
  2670 | D:4      | Noticed Robin
  2692 | D:4      | Killed Robin
  3260 | D:4      | Found Nausil's Gadget Gallery.
  3427 | D:5      | Entered Level 5 of the Dungeon
  3586 | D:5      | Reached XP level 7. HP: 47/55 MP: 7/7
  3753 | D:5      | Reached skill level 5 in Fighting
  4306 | D:5      | Noticed Ijyb
  4312 | D:5      | Killed Ijyb
  4358 | D:5      | HP: 2/56 [iguana (3)]
  4377 | D:5      | Reached skill level 5 in Armour
  4377 | D:5      | Reached skill level 5 in Shields
  4377 | D:5      | Gained mutation: You are completely covered in thin
                  | metallic scales. (AC +4, rElec) [demonic ancestry]
  4377 | D:5      | Reached XP level 8. HP: 15/63 MP: 8/8
  4584 | D:5      | Found a staircase to the Ecumenical Temple.
  4670 | D:5      | Found an ancient bone altar of Kikubaaqudgha.
  4904 | D:6      | Reached skill level 6 in Fighting
  4904 | D:6      | Reached skill level 5 in Axes
  4914 | D:6      | Slain by a wight

Illustrated notes

Levels and vault maps discovered:
D:1:      dpeg_arrival_connections, layout_rooms,
          chequers_ecumenical_altar_island
D:2:      layout_basic, chequers_decorated_corner
D:3:      layout_basic, gup_sewer_entry_bubbles, chequers_serial_rivers_small_a
D:4:      layout_gridville, vehumet_altar_wand_db, nicolae_shop_gadgets,
          uniq_robin
D:5:      layout_basic, kennysheep_vampire_church, temple_statues, uniq_ijyb
D:6:      layout_basic, elyvilon_altar_5, roderic_roman_lattice, uniq_duvessa

Skill      XL: |  1  2  3  4  5  6  7  8 |
---------------+-------------------------+-----
Axes           | 2 3 4 5 |  5.0
Armour         | 3 4 5 |  5.4
Shields        | 3 4 5 |  5.3
Fighting       | 4 5 6 |  6.0

Action                   |  1- 3 |  4- 6 |  7- 9 || total
-------------------------+-------+-------+-------++-------
Melee: War axe           |    90 |   228 |   146 ||   464
Throw: Dart              |       |       |     5 ||     5
  Use: Scroll            |     1 |     2 |     3 ||     6
       Potion            |       |       |     3 ||     3
Armor: Scale mail        |    29 |       |       ||    29
       Chain mail        |    31 |   168 |   139 ||   338
Dodge: Dodged            |    39 |   102 |    87 ||   228
Block: Buckler           |    22 |    77 |    50 ||   149

Table legend: (Time is in decaauts)
 A = Elapsed time spent in this place.
 B = Non-inter-level travel time spent in this place.
 C = Inter-level travel time spent in this place.
 D = Time resting spent in this place.
 E = Time spent auto-exploring this place.
 F = Levels seen in this place.
 G = Mean time per level.
                   A        B        C        D        E       F      G
               +--------+--------+--------+--------+--------+-----+--------+
         Total |   5123 |   4981 |    142 |    813 |   2982 |   7 |  731.9 |
       Dungeon |   4956 |   4814 |    142 |    813 |   2870 |   6 |  826.0 |
         Sewer |    167 |    167 |      0 |      0 |    112 |   1 |  167.0 |
               +--------+--------+--------+--------+--------+-----+--------+

Top non-repeatable levels by time:
     D:5: 1437 daAuts
     D:4: 1076 daAuts
     D:3: 912 daAuts
     D:2: 869 daAuts
     D:1: 563 daAuts
   Sewer: 167 daAuts
     D:6: 98 daAuts
